 Dungeon Crawl Stone Soup version 0.28-a0-21-gf74fda84f9 (webtiles) character file.

Game seed: 10174135355951036682

70 arson the Chopper (level 4, 0/55 HPs)
             Began as a Demonspawn Berserker on July 27, 2021.
             Was a Believer of Trog.
             Slain by Ijyb (5 damage)
             ... on level 3 of the Dungeon.
             The game lasted 00:02:27 (3071 turns).

arson the Chopper (Demonspawn Berserker)            Turns: 3071, Time: 00:02:27

Health: 0/55       AC:  2    Str: 17    XL:     4   Next: 3%
Magic:  4/4        EV: 12    Int:  9    God:    Trog [**....]
Gold:   74         SH:  4    Dex: 13    Spells: 3/3 levels left

rFire   . . .      SeeInvis .   j - +0 battleaxe
rCold   . . .      Faith    .   (shield currently unavailable)
rNeg    . . .      Spirit   .   b - +0 animal skin
rPois   .          Reflect  .   (no helmet)
rElec   .          Harm     .   (no cloak)
rCorr   .          Rampage  .   (no gloves)
Will    .....                   (no boots)
Stlth   ..........              (no amulet)
HPRegen 0.18/turn               (no ring)
MPRegen 0.09/turn               (no ring)

@: berserking, very quick
A: large bone plates 1
a: Renounce Religion, Berserk, Trog's Hand


You were on level 3 of the Dungeon.
You worshipped Trog.
Trog was pleased with you.
You visited 1 branch of the dungeon, and saw 3 of its levels.

You collected 74 gold pieces.

Inventory:

Hand Weapons
 a - a +0 hand axe
 j - a +0 battleaxe (weapon)
Armour
 b - a +0 animal skin (worn)
Scrolls
 e - a scroll of teleportation {unknown}
 i - a scroll of enchant weapon {unknown}
 k - a scroll of fog {unknown}
 l - a scroll of identify {unknown}
Potions
 c - 2 potions of invisibility {unknown}
 d - a potion of heal wounds {unknown}
 f - 2 potions of berserk rage {unknown}
 g - a potion of ambrosia {unknown}
 h - a potion of haste {unknown}


   Skills:
 + Level 3.7 Fighting
 * Level 4.0 Axes
 - Level 1.7 Armour
 - Level 1.7 Dodging


You had 3 spell levels left.
You didn't know any spells.
Your spell library was empty.

Dungeon Overview and Level Annotations

Branches:
Dungeon (3/15)

Altars:
Kikubaaqudgha

Annotations:
D:3 Ijyb


Innate Abilities, Weirdness & Mutations

You are partially covered in large bone plates. (SH +4)


Message History

You now have 74 gold pieces (gained 13).
An endoplasm comes into view.
The endoplasm quivers.
An endoplasm is nearby!
You hit the endoplasm.
The endoplasm is lightly wounded.
The endoplasm freezes you.
You are frozen.
You slash the endoplasm!
You kill the endoplasm!
Trog accepts your kill.
No target in view!
Ijyb the Twisted Goblin comes into view.
She is wielding a +0 dagger and carrying a wand of acid (9).
Ijyb shouts!
Ijyb zaps a wand.
The bolt of acid hits you!
You are splashed with acid!
* * * LOW HITPOINT WARNING * * *
Ijyb is nearby!
You are too injured to fight recklessly!
You are too injured to fight recklessly!
You are too injured to fight recklessly!
You are too injured to fight recklessly!
You aren't carrying any items that you can evoke.
Press: ? - help, v - describe, . - travel
Here: Ijyb, wielding a +0 dagger, wearing a +0 leather armour and carrying a wand of acid (8)
The floor.
Unknown command.
Unknown command.
Unknown command.
Unknown command.
A red film seems to cover your vision as you go berserk!
You feel yourself moving faster!
You feel mighty! Ijyb hits you with a +0 dagger.
* * * LOW HITPOINT WARNING * * *
You closely miss Ijyb. Ijyb misses you.
You closely miss Ijyb. Ijyb hits you with a +0 dagger.
* * * LOW HITPOINT WARNING * * *
You hit Ijyb.
Ijyb is lightly wounded.
Ijyb hits you with a +0 dagger.
You die...

. #..#.#
.#####..#.#
#....#..#.#
...#....#.#
..###...#.#
#..#..#.#.########
(.†..............#
#.......#.##.###.#
#.....##.#.#.# #@#
###..##.###..# #g#
.###.###.#.#.# #.#
.# ##...#.##.# #.#
.# ##.##.##.# #.#
.#####.##.##.# #.#
.......##.##.# #.#
#..<#####.##.# #.#
.....####.##.#


You could see Ijyb.

Vanquished Creatures
  A worm (D:3)
  5 dart slugs
  7 bats
  6 endoplasms
  3 giant cockroaches
  5 goblins
  3 hobgoblins
  3 jackals (D:2)
  7 kobolds
  A quokka (D:1)
  4 ball pythons
  2 frilled lizards
  5 rats
52 creatures vanquished.

Notes
Turn   | Place    | Note
-------+----------+-------------------------------------------
     0 | D:1      | arson the Demonspawn Berserker began the quest for the Orb.
     0 | D:1      | Reached XP level 1. HP: 18/18 MP: 1/1
   447 | D:1      | Reached skill level 3 in Axes
   542 | D:1      | Gained mutation: You are partially covered in large bone
                  | plates. (SH +4) [demonic ancestry]
   542 | D:1      | Reached XP level 2. HP: 24/24 MP: 2/2
  1689 | D:2      | Reached XP level 3. HP: 21/29 MP: 3/3
  2442 | D:2      | Found a faded altar of an unknown god.
  2921 | D:3      | Found an ancient bone altar of Kikubaaqudgha.
  2926 | D:3      | Reached ** piety under Trog
  2991 | D:3      | Reached skill level 4 in Axes
  3006 | D:3      | Reached XP level 4. HP: 33/37 MP: 4/4
  3065 | D:3      | Noticed Ijyb
  3071 | D:3      | Slain by Ijyb

Illustrated notes

Levels and vault maps discovered:
D:1:      dpeg_arrival_ternary, layout_basic, minmay_misc_feat_doors
D:2:      minmay_diamond_boxcup, layout_basic, ebering_ecumenical_altar_box,
          hex_intersection
D:3:      layout_loops_ring, mainiacjoe_overflow_small_starburst, uniq_ijyb

Skill      XL: |  1  2  3 |
---------------+----------+-----
Axes           | 3 4 |  4.0
Fighting       | |  3.7
Armour         | |  1.7
Dodging        | |  1.7

Action                   |  1- 3 |  4- 6 || total
-------------------------+-------+-------++-------
Melee: Hand axe          |   102 |       ||   102
       Battleaxe         |    59 |     5 ||    64
Invok: Berserk           |     2 |     1 ||     3
 Stab: Sleeping          |     1 |       ||     1
Armor: Animal skin       |    47 |       ||    47
Dodge: Dodged            |    90 |     1 ||    91
Block: Other             |    34 |       ||    34

Table legend: (Time is in decaauts)
 A = Elapsed time spent in this place.
 B = Non-inter-level travel time spent in this place.
 C = Inter-level travel time spent in this place.
 D = Time resting spent in this place.
 E = Time spent auto-exploring this place.
 F = Levels seen in this place.
 G = Mean time per level.
                   A        B        C        D        E       F      G
               +--------+--------+--------+--------+--------+-----+--------+
         Total |   3131 |   3086 |     45 |    291 |   2430 |   3 | 1043.7 |
       Dungeon |   3131 |   3086 |     45 |    291 |   2430 |   3 | 1043.7 |
               +--------+--------+--------+--------+--------+-----+--------+

Top non-repeatable levels by time:
     D:1: 1592 daAuts
     D:2: 1294 daAuts
     D:3: 244 daAuts
